 Dungeon Crawl Stone Soup version 0.30-a0-630-g881e3bac89 (console) character file.

Game seed: 9068390511475713031

100 Ignak the Trooper (level 4, 0/45 HPs)
             Began as an Ogre Warper on Jan 13, 2023.
             Slain by a scorpion (4 damage)
             ... on level 4 of the Dungeon.
             The game lasted 00:06:50 (3237 turns).

Ignak the Trooper (Ogre Warper)                     Turns: 3237, Time: 00:06:51

Health: 0/45       AC:  4    Str: 17    XL:     4   Next: 74%
Magic:  6/8        EV: 15    Int: 14    God:
Gold:   148        SH:  0    Dex:  8    Spells: 3/8 levels left

rFire   . . .      SeeInvis .    a - +0 mace
rCold   . . .      Faith    .    (no shield)
rNeg    . . .      Spirit   .    t - +1 animal skin
rPois   .          Reflect  .    (helmet restricted)
rElec   .          Harm     .    (no cloak)
rCorr   .          Rampage  .    (gloves unavailable)
Will    .....                    (boots unavailable)
Stlth   +                        u - amulet of magic regeneration
HPRegen 0.27/turn                b - +5 ring of evasion
MPRegen 0.51/turn                (no ring)

@: no status effects
A: large, unfitting armour, tough skin 1
a: no special abilities


You were on level 4 of the Dungeon.
You visited 1 branch of the dungeon, and saw 4 of its levels.

You collected 148 gold pieces.

Inventory:

Hand Weapons
 a - a +0 mace (weapon)
 o - a +1 dagger of draining
 s - a +1 dagger of venom
Missiles
 d - 7 boomerangs of dispersal (quivered)
 z - 6 boomerangs
Armour
 t - a +1 animal skin (worn)
Jewellery
 b - a +5 ring of evasion (left hand)
 u - an amulet of magic regeneration (around neck)
Wands
 y - a wand of flame (8)
Scrolls
 c - a scroll of blinking
 k - a scroll of poison
 l - a scroll of summoning
 v - a scroll of teleportation
Potions
 i - a potion of might {unknown}
 j - a potion of berserk rage
 m - a potion of curing
 n - a potion of haste {unknown}
 p - a potion of invisibility {unknown}
 r - a potion of degeneration {unknown}


   Skills:
 + Level 3.4 Fighting
 * Level 2.6 Maces & Flails
 + Level 1.6 Throwing
 + Level 1.0 Armour
 + Level 2.5 Dodging
 + Level 2.9 Spellcasting
 + Level 3.0 Translocations


You had 3 spell levels left.
You knew the following spells:

 Your Spells              Type           Power      Damage    Failure   Level
a - Teleport Other        Tloc           10%        N/A       19%         3
b - Blink                 Tloc           20%        N/A       10%         2

Your spell library contained the following spells:

 Spells                   Type           Power      Damage    Failure   Level
 Lesser Beckoning         Tloc           20%        N/A       19%         3
 Sting                    Tmut/Pois      8%         1d3       22%         1
 Portal Projectile        Hex/Tloc       12%        N/A       34%         3
 Vhi's Electric Charge    Tloc/Air       12%        N/A       34%         3
 Tukima's Dance           Hex            2%         N/A       54%         3
 Manifold Assault         Tloc           10%        N/A       54%         4
 Blade Hands              Tmut           1%         N/A       99%         5
 Freezing Cloud           Conj/Ice/Air   1%         6-21      99%         5
 Simulacrum               Ice/Necr       1%         N/A       100%        6
 Polar Vortex             Ice            1%         N/A       100%        9


Dungeon Overview and Level Annotations

Branches:
Dungeon (4/15)
 Temple: D:4-7

Altars:


Innate Abilities, Weirdness & Mutations

You are too large for most types of armour.
You have tough skin. (AC +1)


Message History

The iguana is heavily wounded.
The iguana bites you!
* * * LOW HITPOINT WARNING * * *
The iguana bites you but does no damage.
Casting: Teleport Other (dangerous; 19% risk of failure)
Confirm with . or Enter, or press ? or * to list all spells.
You blink.
A scorpion comes into view.
Okay, then.
Throw: throwing net
Press: ? - help, Q - select action, (/) - cycle Shift-Dir - straight line, f - iguana
Aim: an iguana (heavily wounded, 58% to hit)
You throw a throwing net. The throwing net hits the iguana.
The iguana is caught in the net!
The iguana is heavily wounded.
The iguana struggles against the net.
The iguana struggles against the net.
Aiming: Throw Flame
Press: ? - help, Shift-Dir - straight line, f/p - iguana
Aim: an iguana (heavily wounded, entangled in a net, 100% to hit)
The puff of flame hits the iguana.
The iguana is severely wounded.
You feel stable enough to blink again.
The iguana struggles against the net.
Aiming: Throw Flame
Press: ? - help, Shift-Dir - straight line, f/p - iguana
Aim: an iguana (heavily wounded, entangled in a net, 100% to hit)
The puff of flame hits the iguana.
The iguana is almost dead.
The iguana struggles against the net.
Casting: Blink (safe; 10% risk of failure)
Confirm with . or Enter, or press ? or * to list all spells.
Aiming: Teleport Other (dangerous; 19% risk of failure)
Press: ? - help, Shift-Dir - straight line, f - scorpion, p - iguana
Aim: a scorpion (chance to affect: 49%)
The scorpion looks slightly unstable.
The iguana struggles against the net.
The net rips apart, and the iguana comes free!
The scorpion barely misses you. The scorpion attacks as you move away!
The scorpion stings you.
You die...

#. #.. #..# ###..#
# ....# #. ...#
#.######..# ..
#......@.### ..#
#.....s.##.# ..#
#......###'###.###
#.................
#.......##.......#
#...##.......######
#... #.......# #..
#..#.#..# #..
#...<...#


You could see a scorpion (teleporting).

Vanquished Creatures
  Robin (D:2)
  2 adders (D:3)
  A worm (D:3)
  A dart slug (D:3)
  3 orcs (D:3)
  4 endoplasms
  2 giant cockroaches
  14 goblins
  6 hobgoblins
  A quokka (D:1)
  3 ball pythons (D:1)
  7 bats
  3 frilled lizards
  2 kobolds
  An orc zombie (D:4)
  7 rats
58 creatures vanquished.

Vanquished Creatures (others)
  A fungus (D:3)
1 creature vanquished.

Grand Total: 59 creatures vanquished

Notes
Turn   | Place    | Note
-------+----------+-------------------------------------------
     0 | D:1      | Ignak the Ogre Warper began the quest for the Orb.
     0 | D:1      | Reached XP level 1. HP: 22/22 MP: 3/3
   193 | D:1      | Reached XP level 2. HP: 24/29 MP: 5/5
   546 | D:1      | Learned a level 2 spell: Blink
   929 | D:2      | Reached XP level 3. HP: 31/37 MP: 7/7
  1522 | D:3      | Noticed Robin
  1526 | D:3      | Found a faded altar of an unknown god.
  1890 | D:2      | Learned a level 3 spell: Teleport Other
  1961 | D:2      | Killed Robin
  1962 | D:2      | Reached XP level 4. HP: 39/39 MP: 8/8
  2007 | D:3      | Got Plato's Grimoire of Degeneration
  2034 | D:3      | Reached skill level 1 in Armour
  3227 | D:4      | HP: 2/45 [iguana (13)]
  3228 | D:4      | Noticed a scorpion
  3237 | D:4      | Slain by a scorpion

Illustrated notes

Levels and vault maps discovered:
D:1:      dpeg_arrival_simpleton_c, layout_loops_ring
D:2:      layout_loops_ring
D:3:      layout_basic, shapermc_ecumenical_altar_rom_forum,
          minmay_strange_pillars, uniq_robin
D:4:      kb_forest_paths, layout_basic, nicolae_ossuary_entry_giza,
          st_stairs_14

Skill      XL: |  1  2  3  4 |
---------------+-------------+-----
Maces & Flails | 2 |  2.6
Fighting       | 3 |  3.4
Armour         | 1 |  1.0
Translocations | 3 |  3.0
Throwing       | |  1.6
Dodging        | |  2.5
Spellcasting   | |  2.9

Action                   |  1- 3 |  4- 6 || total
-------------------------+-------+-------++-------
Melee: Mace              |   104 |     7 ||   111
       Punch             |     1 |     1 ||     2
       Dagger            |    56 |    65 ||   121
Throw: Throwing net      |       |     1 ||     1
 Cast: Teleport Other    |       |     3 ||     3
       Blink             |       |     1 ||     1
Evoke: Wand              |       |     2 ||     2
  Use: Potion            |     3 |       ||     3
       Scroll            |       |     8 ||     8
Armor: Robe              |    79 |       ||    79
       Animal skin       |       |    11 ||    11
Dodge: Dodged            |   111 |    44 ||   155

Table legend: (Time is in decaauts)
 A = Elapsed time spent in this place.
 B = Non-inter-level travel time spent in this place.
 C = Inter-level travel time spent in this place.
 D = Time resting spent in this place.
 E = Time spent auto-exploring this place.
 F = Levels seen in this place.
 G = Mean time per level.
                   A        B        C        D        E       F      G
               +--------+--------+--------+--------+--------+-----+--------+
         Total |   3303 |   3232 |     71 |    521 |   1746 |   4 |  825.8 |
       Dungeon |   3303 |   3232 |     71 |    521 |   1746 |   4 |  825.8 |
               +--------+--------+--------+--------+--------+-----+--------+

Top non-repeatable levels by time:
     D:3: 1282 daAuts
     D:2: 1205 daAuts
     D:1: 756 daAuts
     D:4: 60 daAuts
